 Dungeon Crawl Stone Soup version 0.20.1-1-g8b1a95d (webtiles) character file.

98 digijack the Sneak (level 4, -17/37 HPs)
             Began as a Draconian Wanderer on Jan 1, 2018.
             Demolished by an ogre
             ... wielding a +0 giant club
              (22 damage)
             ... on level 3 of the Dungeon.
             The game lasted 00:17:26 (1565 turns).

digijack the Sneak (Draconian Wanderer)             Turns: 1565, Time: 00:17:27

Health: -17/37     AC:  7    Str: 14 (15) XL:     4   Next: 44%
Magic:  6/6        EV: 12    Int: 10 (12) God:
Gold:   80         SH:  0    Dex: 11      Spells: 6/6 levels left

rFire    . . .     SeeInvis .   a - +3 short sword
rCold    . . .     Gourm    .   (no shield)
rNeg     . . .     Faith    .   (armour unavailable)
rPois    .         Spirit   .   (helmet restricted)
rElec    .         Reflect  .   (no cloak)
rCorr    .         Harm     .   j - +1 pair of gloves (curse)
MR       .....                  (no boots)
Stlth    ++........             (no amulet)
Regen    0.2/turn               (no ring)
MPRegen  0.1/turn               (no ring)

@: no status effects
A: unfitting armour, cold-blooded, AC +5
a: no special abilities


You were on level 3 of the Dungeon.
You were not hungry.

You visited 1 branch of the dungeon, and saw 3 of its levels.

You collected 80 gold pieces.

Inventory:

Hand Weapons
 a - a +3 short sword (weapon)
Armour
 j - a cursed +1 pair of gloves (worn)
Scrolls
 g - a scroll of identify
 i - 2 scrolls of remove curse
Potions
 e - a potion of flight
Books
 b - the Handbook of Self-Knowledge

   Spells                             Type                      Level
   a - Shroud of Golubria             Charms/Translocation         2
   b - Song of Slaying                Charms                       2
Comestibles
 c - a chunk of flesh
 d - a royal jelly
 f - 2 bread rations
 h - a meat ration


   Skills:
 + Level 2.9 Fighting
 + Level 1.6 Short Blades
 - Level 1.0 Throwing
 + Level 1.4 Dodging
 * Level 3.0 Stealth
   Level 1.0 Shields
 + Level 1.7 Spellcasting
   Level 1.0 Earth Magic
   Level 1.0 Poison Magic


You had 6 spell levels left.
You didn't know any spells.

Dungeon Overview and Level Annotations

Branches:
Dungeon (2/15)

Altars:
Xom


Innate Abilities, Weirdness & Mutations

Your plain brown scales are hard. (AC +5)
You cannot fit into any form of body armour.
You are cold-blooded and may be slowed by cold attacks.


Message History

The ogre is almost dead.
Some of the chunks of flesh in your inventory have rotted away.
The ogre barely misses you.
Your magical contamination has completely faded away.
A hobgoblin comes into view. It is wielding a club.
A frilled lizard comes into view.
Found 6 stones.
You hit the frilled lizard.
You kill the frilled lizard!
You barely miss the ogre.
The ogre is almost dead.
The ogre hits you with a giant club.
* * * LOW HITPOINT WARNING * * *
You hit the jackal but do no damage. The jackal barely misses you.
The ogre barely misses you.
The jackal bites you but does no damage.
You barely miss the jackal. The jackal closely misses you.
The ogre hits you with a giant club!!
Ouch! That really hurt!
You die...

.......## ##.......
........#+#......#
.#..............##
.................#
##...............#
##..............#####
#..................#
......#..###.#.#h###.#
###.###....#.#.#@..#†#
.... ##.###.###O###.##
..#.# ....).........#
.... ..............# .
. .###.###†###..#
...#.....#..#
###.###.###..#
.(...........#
.............#


You could see an ogre and a jackal.

Vanquished Creatures
  A gnoll (D:1)
  3 adders
  3 worms (D:2)
  3 dart slugs
  2 giant cockroaches (D:1)
  5 goblins
  5 hobgoblins
  2 jackals (D:3)
  2 quokkas (D:2)
  5 bats
  6 frilled lizards
  5 kobolds
  8 rats
50 creatures vanquished.

Notes
Turn   | Place    | Note
-------+----------+-------------------------------------------
     0 | D:1      | digijack the Draconian Wanderer began the quest for the Orb.
     0 | D:1      | digijack set off with: a +2 short sword, the Handbook of Self-Knowledge, 9 poisoned needles, a +0 blowgun, a +0 dagger, a bread ration
     0 | D:1      | Reached XP level 1. HP: 17/17 MP: 2/2
   242 | D:1      | Reached skill level 2 in Stealth
   242 | D:1      | Reached XP level 2. HP: 12/25 MP: 3/3
   545 | D:1      | Reached skill level 1 in Dodging
   600 | D:1      | Reached XP level 3. HP: 27/30 MP: 5/5
  1293 | D:2      | Found a shimmering altar of Xom.
  1305 | D:2      | Reached XP level 4. HP: 32/37 MP: 6/6
  1490 | D:2      | You fall through a shaft!
  1500 | D:3      | Reached skill level 3 in Stealth
  1509 | D:3      | Noticed an ogre
  1565 | D:3      | Demolished by an ogre

Skill      XL: |  1  2  3  4 |
---------------+-------------+-----
Stealth        | 2 3 |  3.0
Dodging        | 1 |  1.4
Fighting       | |  2.9
Short Blades   | |  1.6
Throwing       | |  1.0
Shields        | |  1.0
Spellcasting   | |  1.7
Earth Magic    | |  1.0
Poison Magic   | |  1.0

Action                   |  1- 3 |  4- 6 || total
-------------------------+-------+-------++-------
Melee: Short sword       |   139 |    41 ||   180
       Tailslap          |     8 |     5 ||    13
  Use: Scroll            |     6 |     1 ||     7
       Potion            |     4 |       ||     4
 Stab: Sleeping          |     3 |     1 ||     4
  Eat: Chunk             |     1 |     1 ||     2
Armor: Skin              |    47 |    14 ||    61
Dodge: Dodged            |    85 |    25 ||   110
